 Dungeon Sprint DCSS version 0.15-a0-2099-gfb1bfb9 (webtiles) character file.

191 fransbal the Thaumaturge (level 5, -3/28 HPs)
             Began as a Deep Elf Venom Mage on July 15, 2014.
             Was a Believer of Sif Muna.
             Killed from afar by a catoblepas (4 damage)
             ... with a blast of calcifying dust
             ... in the Dungeon (Sprint IX: "|||||||||||||||||||||||||||||").
             The game lasted 00:04:20 (618 turns).

fransbal the Thaumaturge (Deep Elf Venom Mage)       Turns: 618, Time: 00:04:20

HP  -3/28        AC  4     Str  5      XL: 5   Next: 41%
MP  20/22        EV  2     Int 24      God: Sif Muna [**....]
Gold 0           SH  0     Dex 18      Spells:  4 memorised, 10 levels left

rFire  . . .     SeeInvis .     p - +3 war axe of a volcano {freeze, +Fly rPois}
rCold  . . .     Clarity  .     a - +0 robe
rNeg   + + +     rCorr    .     (no shield)
rPois  +         rRot     +     q - +0 helmet
rElec  .         Spirit   .     (no cloak)
SustAb .         Warding  .     (no gloves)
rMut   .         NoTele   +     r - +0 pair of boots
Gourm  .                        (no amulet)
MR     .....                    t - +3 ring of intelligence
                                s - +3 ring of dexterity

@: petrified, not resistant to hostile enchantments, unstealthy
A: no striking features
a: Channel Energy, Forget Spell, Renounce Religion, Evoke Flight


You were in the Dungeon.
You worshipped Sif Muna.
Sif Muna was pleased with you.
You were not hungry.

You visited 1 branch

Inventory:

Hand weapons
 p - the +3 war axe of a volcano (weapon) {freeze, +Fly rPois}
   (You found it in the Dungeon)

   It has been specially enchanted to freeze those struck by it, causing extra
   injury to most foes and up to double damage against particularly susceptible
   opponents.
   It can also slow down cold-blooded creatures.
   It protects you from poison.
   It lets you fly.
 v - a +4 quarterstaff of speed
Missiles
 u - a stone (quivered)
Armour
 a - a +0 robe (worn)
 q - a +0 helmet (worn)
 r - a +0 pair of boots (worn)
Magical devices
 n - a wand of draining (7)
Comestibles
 c - a bread ration
 w - 4 rotting chunks of orc flesh
Scrolls
 i - 2 scrolls of blinking
 l - 3 scrolls of remove curse
 m - 2 scrolls of amnesia
Jewellery
 s - a +3 ring of dexterity (left hand)
 t - a +3 ring of intelligence (right hand)
Potions
 e - a potion of invisibility
 f - a potion of haste
 g - 4 potions of magic
 h - a potion of heal wounds
 k - 4 potions of curing
Books
 b - a Young Poisoner's Handbook

   Spells                             Type                      Level
   *Sting                             Conjuration/Poison           1
   *Cure Poison                       Poison                       2
   *Mephitic Cloud                    Conjuration/Poison/Air       3
   *Olgreb's Toxic Radiance           Poison                       4
   Venom Bolt                         Conjuration/Poison           5
Magical staves
 o - an uncursed staff of energy


   Skills:
 + Level 5.8 Dodging
 - Level 2.4 Stealth
 + Level 8.3 Spellcasting
 + Level 6.3 Conjurations
 + Level 7.9 Poison Magic


You had 10 spell levels left.
You knew the following spells:

 Your Spells              Type           Power        Failure   Level  Hunger
a - Sting                 Conj/Pois      ####         1%          1    None
b - Mephitic Cloud        Conj/Pois/Air  ####....     2%          3    None
c - Cure Poison           Pois           #####.....   1%          2    None
d - Olgreb's Toxic Radia  Pois           #####...     2%          4    ##.....


Dungeon Overview and Level Annotations

Branches:
Dungeon (1/1)

Altars:
Cheibriados
Dithmenos
Elyvilon
Fedhas
Gozag
Kikubaaqudgha
Makhleb
Nemelex Xobeh
Okawaru
Qazlal
Sif Muna
Trog
Vehumet
Xom
Yredelemnul
Zin
The Shining One
Beogh
Jiyva
Lugonu


Message History

The catoblepas is engulfed in noxious fumes.
Unknown command.
You are engulfed in calcifying dust.
Your limbs have turned to stone.
The catoblepas is engulfed in noxious fumes.
You have turned to stone.
You are engulfed in calcifying dust.
The tengu warrior hits the komodo dragon with a great sword!
The tengu warrior pecks the komodo dragon.
The tengu warrior claws the komodo dragon but does no damage.
The catoblepas breathes a plume of calcifying dust at you.
The blast of calcifying dust hits you!
You are engulfed in calcifying dust.
The catoblepas gores you!!
Ouch! That really hurt!
* * * LOW HITPOINT WARNING * * *
You are engulfed in calcifying dust. x2
The catoblepas completely misses you.
The komodo dragon changes into a boring beetle!
The catoblepas breathes a plume of calcifying dust at you.
The blast of calcifying dust hits you!
You die...

▓.▓
▓.▓
▓J▓
▓B▓
▓Q▓
▓'▓
▓.▓
▓Y▓
▓@▓
▓.▓
▓.▓
▓)▓
▓.▓
▓§▓
▓§▓
▓'▓
▓_▓


You could see a catoblepas, a tengu warrior (confused), a boring beetle shaped
shifter and a jelly (wandering).

Vanquished Creatures
  An orc warrior (D)
  A big kobold (D)
  An eye of draining (D)
  A crimson imp (D)
  2 adder zombies (D)
  A giant gecko (D)
  An orc (D)
  A goblin (D)
  A ball python (D)
  A bat (D)
  A giant newt (D)
  A goblin skeleton (D)
  A jackal (D)
  A kobold skeleton (D)
  A quokka (D)
  2 rats (D)
18 creatures vanquished.

Notes
Turn   | Place    | Note
--------------------------------------------------------------
     0 | D        | fransbal, the Deep Elf Venom Mage, began the quest for the Orb.
     0 | D        | Reached XP level 1. HP: 10/10 MP: 5/5
     7 | D        | Reached skill level 1 in Conjurations
    62 | D        | Noticed a crimson imp
    69 | D        | Killed a crimson imp
    69 | D        | Reached skill level 5 in Spellcasting
    69 | D        | Reached skill level 6 in Poison Magic
    69 | D        | Reached XP level 2. HP: 15/15 MP: 6/11
    69 | D        | Reached XP level 3. HP: 19/19 MP: 7/14
   120 | D        | Learned a level 3 spell: Mephitic Cloud
   123 | D        | Learned a level 2 spell: Cure Poison
   201 | D        | Found a glowing silver altar of Zin.
   201 | D        | Found a glowing golden altar of the Shining One.
   201 | D        | Found an ancient bone altar of Kikubaaqudgha.
   201 | D        | Found a basalt altar of Yredelemnul.
   201 | D        | Found a shimmering altar of Xom.
   201 | D        | Found a radiant altar of Vehumet.
   201 | D        | Found an iron altar of Okawaru.
   202 | D        | Found a burning altar of Makhleb.
   203 | D        | Found a deep blue altar of Sif Muna.
   204 | D        | Found a bloodstained altar of Trog.
   205 | D        | Found a sparkling altar of Nemelex Xobeh.
   206 | D        | Found a white marble altar of Elyvilon.
   207 | D        | Found a roughly hewn altar of Beogh.
   208 | D        | Found a viscous altar of Jiyva.
   209 | D        | Found a corrupted altar of Lugonu.
   210 | D        | Found a blossoming altar of Fedhas.
   211 | D        | Found a snail-covered altar of Cheibriados.
   212 | D        | Became a worshipper of Sif Muna the Loreminder
   213 | D        | Found a shadowy altar of Dithmenos.
   214 | D        | Found a stormy altar of Qazlal.
   215 | D        | Found an opulent altar of Gozag.
   235 | D        | Got the +3 war axe of a volcano {freeze, +Fly rPois}
   253 | D        | Noticed a big kobold
   312 | D        | Killed a big kobold
   312 | D        | Acquired Sif Muna's first power
   312 | D        | Reached skill level 7 in Spellcasting
   312 | D        | Reached skill level 5 in Conjurations
   312 | D        | Reached XP level 4. HP: 16/24 MP: 0/20
   320 | D        | Learned a level 4 spell: Olgreb's Toxic Radiance
   425 | D        | Noticed a jelly
   425 | D        | Noticed a yak
   425 | D        | Noticed an eye of draining
   425 | D        | Noticed a tengu warrior
   425 | D        | Noticed an orc warrior
   425 | D        | Noticed a catoblepas
   426 | D        | Killed an orc warrior
   426 | D        | Acquired Sif Muna's second power
   426 | D        | Reached skill level 5 in Dodging
   426 | D        | Reached skill level 8 in Spellcasting
   426 | D        | Reached XP level 5. HP: 28/28 MP: 18/22
   428 | D        | Noticed a human
   428 | D        | a yak changed into a human
   429 | D        | Killed an eye of draining
   610 | D        | Noticed a komodo dragon
   615 | D        | HP: 1/28 [catoblepas (14)]
   618 | D        | a komodo dragon changed into a boring beetle
   618 | D        | Killed from afar by a catoblepas

Action                   |  1- 3 |  4- 6 || total
-------------------------+-------+-------++-------
Melee: Unarmed           |    30 |       ||    30
       War axe           |     5 |       ||     5
 Cast: Sting             |    41 |     6 ||    47
       Mephitic Cloud    |       |     2 ||     2
  Use: Potion            |     4 |       ||     4
